 Dungeon Crawl Stone Soup version 0.31-a0-355-g57cb03d3e8 (webtiles) character file.

Game seed: 12578457786385425778

24 LustLizard the Ruffian (level 3, -6/23 HPs)
             Began as an Octopode Shapeshifter on July 25, 2023.
             Mangled by Sigmund
             ... wielding a +0 scythe
              (12 damage)
             ... on level 2 of the Dungeon.
             The game lasted 00:01:47 (1144 turns).

LustLizard the Ruffian (Octopode Shapeshifter)      Turns: 1144, Time: 00:01:47

Health: -6/23      AC:  1    Str: 16    XL:     3   Next: 2%
Magic:  3/3        EV: 13    Int: 10    God:
Gold:   58         SH:  0    Dex: 12    Spells: 2/2 levels left

rFire   . .          .
                       - Unarmed
rCold   . . .        (no shield)
rNeg    . . .        (helmet currently unavailable)
rPois   .            (no amulet)
rElec   .            (no ring)
rCorr   .            (no ring)
SInv    .            (no ring)
Will    .....        (no ring)
Stlth   ++           (no ring)
HPRegen 0.23/turn    (no ring)
MPRegen 0.08/turn    (no ring)
                     (no ring)

%: no passive effects
@: confused, beast-form
A: beast (slay +2), almost no armour, amphibious, 8 rings, camouflage 1,
gelatinous body 1, (nimble swimmer 1), tentacles
a: Begin Untransformation


You were on level 2 of the Dungeon.
You were a hulking beast.
You visited 1 branch of the dungeon, and saw 2 of its levels.

You collected 58 gold pieces.

Inventory:

Talismans
 b - a beast talisman
Scrolls
 f - a scroll of identify {unknown}
 g - a scroll of enchant armour {unknown}
 h - a scroll of noise {unknown}
 i - a scroll of fog {unknown}
Potions
 a - a potion of lignification
 c - 2 potions of attraction {unknown}
 d - a potion of magic {unknown}
 e - a potion of berserk rage {unknown}


   Skills:
 + Level 1.4 Fighting
 - Level 2.0 Dodging
 + Level 1.4 Stealth
 * Level 3.4 Unarmed Combat
 + Level 3.1 Shapeshifting


You had 2 spell levels left.
You didn't know any spells.
Your spell library was empty.

Dungeon Overview and Level Annotations

Branches:
Dungeon (2/15)

Altars:

Annotations:
D:2 Sigmund


Innate Abilities, Weirdness & Mutations

You are a hulking beast.
Your limbs bulge with bestial killing power. (Slay +2)
You cannot wear most types of armour.
You are amphibious.
You can wear up to eight rings at the same time.
Your skin changes colour to match your surroundings (Stealth+).
Your rubbery body absorbs attacks. (AC +1, EV +1)
((You are camouflaged when in or above water. (Stealth+)))
You have tentacles for arms and can constrict up to eight enemies at once.


Message History

There is an open door here.
A giant cockroach comes into view.
You closely miss the giant cockroach. Your grab misses the giant cockroach.
The giant cockroach barely misses you.
You tentacle-slap the giant cockroach. You grab the giant cockroach.
The giant cockroach is almost dead.
You constrict the giant cockroach.
You kill the giant cockroach!
You have reached level 3!
Your experience leads to an increase in your attributes!
Increase (S)trength, (I)ntelligence, or (D)exterity?
You feel stronger. x2
Sigmund the Dreaded comes into view.
He is wielding a +0 scythe.
Sigmund shouts!
You start waiting.
Sigmund is nearby!
You start waiting.
Sigmund is nearby!
Sigmund closely misses you.
You tentacle-slap Sigmund but do no damage.
Your grab misses Sigmund.
Sigmund mumbles some strange words.
Sigmund flickers and vanishes!
Deactivating autopickup; reactivate with Ctrl-A.
You tentacle-slap something.
A rat comes into view.
You hear some strange, mumbled words.
You are confused.
You miss something. Something hits you.
You tentacle-slap something. You tentacle-slap something.
You hear some strange, mumbled words.
You are more confused.
You bump into the rock wall.
Something hits you.
You barely miss something. Something hits you!
* * * LOW HITPOINT WARNING * * *
You closely miss something. Your squeeze misses something.
You closely miss something. Something hits you!
Ouch! That really hurt!
You die...

..... #. #...#.#@
###.....#.##
.............#
........#....## #
......... ...+ ..#
#......###{.#....#
#.......rh........
#.......#####..#.#
###.....# #
#.....# ###.#.#
#.#.# #.#.# #.#..
##.###


You could see a rat.

Vanquished Creatures
  3 endoplasms (D:1)
  3 giant cockroaches
  4 goblins (D:1)
  A hobgoblin (D:1)
  2 jackals (D:1)
  2 kobolds (D:1)
  2 ball pythons (D:1)
  A frilled lizard (D:1)
  2 rats (D:1)
20 creatures vanquished.

Notes
Turn   | Place    | Note
-------+----------+-------------------------------------------
     0 | D:1      | LustLizard the Octopode Shapeshifter began the quest for
                  | the Orb.
     0 | D:1      | Reached XP level 1. HP: 13/13 MP: 1/1
   217 | D:1      | Reached XP level 2. HP: 13/18 MP: 2/2
   275 | D:1      | Reached skill level 1 in Stealth
  1126 | D:2      | Reached XP level 3. HP: 23/23 MP: 3/3
  1129 | D:2      | Noticed Sigmund
  1144 | D:2      | Mangled by Sigmund

Illustrated notes

Levels and vault maps discovered:
D:1:      pf_arrival_petrified_forest, layout_loops_corners
D:2:      layout_basic, minmay_tromino_v7, uniq_natasha, uniq_sigmund

Skill      XL: |  1  2 |
---------------+-------+-----
Stealth        | 1 |  1.4
Fighting       | |  1.4
Dodging        | |  2.0
Unarmed Combat | |  3.4
Shapeshifting  | |  3.1

Action                     || total
---------------------------++-------
  Melee: Unarmed           ||    43
         Constrict         ||     7
         Tentacles         ||     4
         Punch             ||     2
 Armour: Skin              ||     2
  Dodge: Dodged            ||     9

Table legend: (Time is in decaauts)
 A = Elapsed time spent in this place.
 B = Non-inter-level travel time spent in this place.
 C = Inter-level travel time spent in this place.
 D = Time resting spent in this place.
 E = Time spent auto-exploring this place.
 F = Levels seen in this place.
 G = Mean time per level.
                   A        B        C        D        E       F      G
               +--------+--------+--------+--------+--------+-----+--------+
         Total |   1141 |   1094 |     47 |      5 |    802 |   2 |  570.5 |
       Dungeon |   1141 |   1094 |     47 |      5 |    802 |   2 |  570.5 |
               +--------+--------+--------+--------+--------+-----+--------+

Top non-repeatable levels by time:
     D:1: 1058 daAuts
     D:2: 83 daAuts
